 Dungeon Crawl Stone Soup version 0.29.1-12-g30fa7ad0bf (webtiles) character file.

Game seed: 2107357527387979299

2444 FaviusArthum the Thaumaturge (level 9, -15/47 HPs)
             Began as a Deep Elf Necromancer on Jan 5, 2023.
             Was a Follower of Sif Muna.
             Demolished by an ogre
             ... wielding a +0 giant spiked club
              (34 damage)
             ... on level 7 of the Dungeon.
             The game lasted 00:49:44 (8305 turns).

FaviusArthum the Thaumaturge (Deep Elf Necromancer) Turns: 8305, Time: 00:49:44

Health: -15/47     AC: 11    Str:  5    XL:     9   Next: 25%
Magic:  26/26      EV: 13    Int: 25    God:    Sif Muna [*.....]
Gold:   475        SH:  0    Dex: 15    Spells: 21/30 levels left

rFire   + . .      SeeInvis .   v - +12 hammer of Compound Interest {freeze, Fly rF+ rCorr}
rCold   + . .      Faith    .   (no shield)
rNeg    . . .      Spirit   .   J - +1 robe {rC+}
rPois   +          Reflect  .   C - +2 helmet
rElec   .          Harm     .   u - +0 cloak
rCorr   +          Rampage  .   l - +2 pair of gloves
Will    .....                   D - +0 pair of boots
Stlth   +++.......              G - amulet of magic regeneration
HPRegen 0.15/turn               x - ring of poison resistance
MPRegen 0.60/turn               w - +4 ring of slaying

@: flying, studying Staves
A: no striking features
a: Renounce Religion, Channel Magic


You were on level 7 of the Dungeon.
You worshipped Sif Muna.
Sif Muna was aware of your devotion.
You visited 2 branches of the dungeon, and saw 8 of its levels.

You collected 475 gold pieces.

Inventory:

Hand Weapons
 e - a +0 dagger
 k - a +0 short sword
 m - a +0 whip
 n - a +0 long sword
 t - a +2 quarterstaff of chaos
 v - the +12 hammer of Compound Interest (weapon) {freeze, Fly rF+ rCorr}
   (You found it on level 2 of the Dungeon)

   It freezes those it strikes, dealing additional cold damage.
   It can also slow down cold-blooded creatures.
   rF:        It protects you from fire.
   Fly:       It grants you flight.
   rCorr:     It protects you from acid and corrosion.
Armour
 a - a +0 robe
 l - a +2 pair of gloves (worn)
 u - a +0 cloak (worn)
 C - a +2 helmet (worn)
 D - a +0 pair of boots (worn)
 I - a +0 pair of gloves
 J - a +1 robe of cold resistance (worn)
Jewellery
 g - a ring of see invisible
 o - a +4 ring of protection
 w - a +4 ring of slaying (right hand)
 x - a ring of poison resistance (left hand)
 G - an amulet of magic regeneration (around neck)
Wands
 K - a wand of paralysis (9)
Scrolls
 c - 4 scrolls of teleportation {unknown}
 d - a scroll of fear {unknown}
 j - 3 scrolls of fog {unknown}
 p - 2 scrolls of amnesia {unknown}
 q - 3 scrolls of enchant weapon {unknown}
 r - 4 scrolls of identify {unknown}
 s - 2 scrolls of enchant armour {unknown}
 y - 3 scrolls of torment {unknown}
 E - a scroll of summoning {unknown}
 F - 2 scrolls of poison {unknown}
 H - 3 scrolls of blinking {unknown}
Potions
 b - 2 potions of magic
 f - 4 potions of might {unknown}
 h - 3 potions of lignification {unknown}
 i - 3 potions of curing {unknown}
 z - a potion of invisibility {unknown}
 A - 2 potions of brilliance {unknown}
 B - 3 potions of degeneration {unknown}


   Skills:
 + Level 1.0 Fighting
 + Level 2.2 Maces & Flails
 + Level 3.8 Dodging
 + Level 4.2 Stealth
 + Level 11.3 Spellcasting
 + Level 10.3 Necromancy


You had 21 spell levels left.
You knew the following spells:

 Your Spells              Type           Power      Damage    Failure   Level
a - Necrotise             Necr           100%       1d9       1%          1
b - Vampiric Draining     Necr           60%        2d10      1%          3
c - Agony                 Necr           60%        N/A       1%          5

Your spell library contained the following spells:

 Spells                   Type           Power      Damage    Failure   Level
 Animate Dead             Necr           60%        N/A       1%          4
 Call Canine Familiar     Summ           14%        N/A       13%         3
 Gell's Gravitas          Tloc           14%        N/A       13%         3
 Portal Projectile        Hex/Tloc       28%        N/A       13%         3
 Teleport Other           Tloc           14%        N/A       13%         3
 Leda's Liquefaction      Hex/Erth       7%         N/A       38%         4
 Dispersal                Tloc           7%         N/A       100%        6


Dungeon Overview and Level Annotations

Branches:
Dungeon (7/15)             Temple (1/1) D:5

Altars:
Ashenzari
Cheibriados
Dithmenos
Fedhas
Gozag
Hepliaklqana
Kikubaaqudgha
Makhleb
Nemelex Xobeh
Okawaru
Qazlal
Ru
Sif Muna
Trog
Uskayaw
Vehumet
Xom
Yredelemnul
Zin
The Shining One

Annotations:
D:3 2 transporters, grerr's ghost, amateur FoFi
D:4 Menkaure
D:7 2 runed translucent doors


Message History

Your water moccasin skeleton resists.
Your water moccasin skeleton bites the white imp.
The white imp hits your water moccasin skeleton.
The white imp freezes your water moccasin skeleton.
Your water moccasin skeleton completely resists.
Your water moccasin skeleton bites the white imp but does no damage.
Your water moccasin skeleton bites the white imp but does no damage.
The white imp closely misses your water moccasin skeleton.
Your water moccasin skeleton bites the white imp!
The white imp hits your water moccasin skeleton.
The white imp freezes your water moccasin skeleton.
Your water moccasin skeleton resists.
Your water moccasin skeleton bites the white imp.
The white imp dies!
Sif Muna accepts your kill.
You swap places.
Found a stone staircase leading up.
You now have 461 gold pieces (gained 13).
Your water moccasin skeleton crumbles into dust!
You now have 475 gold pieces (gained 14).
There is a sacrificial altar of Ru here.
There is a shadowy altar of Dithmenos here.
You hover solemnly before the altar of Dithmenos.
H - 3 scrolls labelled FAM HIECRUGUXY (gained 1)
You reach down and open the door.
There is an open door here.
You reach down and open the door.
An ogre comes into view. It is wielding a +0 giant spiked club.
The ogre shouts!
Found 13 gold pieces.
There is an open door here.
You hit the ogre. You freeze the ogre.
The ogre is lightly wounded.
The ogre hits you with a +0 giant spiked club!!
Ouch! That really hurt!
You sock the ogre! You freeze the ogre.
The ogre is heavily wounded.
The ogre hits you with a +0 giant spiked club!!
Ouch! That really hurt!
You die...

####### ###.......
#.@O...... #.#.......
#.#.......# #.#...$...#
######.#...###.#
#......#...# #.#
#.########## #.#
#######.############.###
......................>#


You could see an ogre.

Vanquished Creatures
  A hornet (D:6)
  A vampire mosquito (D:6)
  Edmund (D:5)
  2 water moccasins (D:7)
  2 sky beasts (D:6)
  2 ice beasts
  A centaur (D:5)
  3 ogres
  A phantom (D:6)
  Blork the orc (D:5)
  A necrophage (D:5)
  2 scorpions (D:5)
  A killer bee (D:6)
  2 howler monkeys
  A crimson imp (D:4)
  2 hounds
  3 jellies
  An orc priest (D:6)
  Crazy Yiuf (D:2)
  Terence (D:3)
  2 iguanas
  2 orc wizards (D:4)
  5 adders
  2 ufetubi (D:5)
  2 worms
  4 dart slugs
  23 orcs
  3 bats
  5 endoplasms
  6 giant cockroaches
  8 goblins
  8 hobgoblins
  8 jackals (D:1)
  3 quokkas
  8 ball pythons
  5 frilled lizards
  6 kobolds
  7 rats
137 creatures vanquished.

Vanquished Creatures (collateral kills)
  An ogre (D:5)
  A white imp (D:7)
  An endoplasm (D:1)
  2 goblins (D:1)
  A frilled lizard (D:1)
  2 rats
8 creatures vanquished.

Grand Total: 145 creatures vanquished

Notes
Turn   | Place    | Note
-------+----------+-------------------------------------------
     0 | D:1      | FaviusArthum the Deep Elf Necromancer began the quest for
                  | the Orb.
     0 | D:1      | Reached XP level 1. HP: 10/10 MP: 6/6
    40 | D:1      | Reached skill level 5 in Necromancy
   223 | D:1      | Reached XP level 2. HP: 15/15 MP: 2/8
   781 | D:1      | Reached XP level 3. HP: 18/19 MP: 1/9
   978 | D:1      | Found a faded altar of an unknown god.
  1064 | D:1      | Learned a level 3 spell: Vampiric Draining
  1565 | D:2      | Found a runed translucent door.
  1566 | D:2      | Noticed Crazy Yiuf
  1573 | D:2      | Killed Crazy Yiuf
  1574 | D:2      | Reached skill level 4 in Spellcasting
  1574 | D:2      | Reached XP level 4. HP: 15/24 MP: 3/12
  1789 | D:2      | Identified the +12 hammer of Compound Interest {freeze, Fly
                  | rF+ rCorr}
  2160 | D:3      | Noticed grerr's ghost (amateur FoFi)
  2342 | D:3      | Noticed Terence
  2346 | D:3      | Killed Terence
  2347 | D:3      | Reached XP level 5. HP: 27/28 MP: 10/14
  2401 | D:3      | Reached skill level 1 in Maces & Flails
  2403 | D:3      | Found a transporter.
  2553 | D:3      | Found a transporter.
  2890 | D:4      | Reached skill level 5 in Spellcasting
  3401 | D:4      | Found a shimmering altar of Xom.
  3495 | D:4      | Reached XP level 6. HP: 15/32 MP: 2/15
  3960 | D:4      | Noticed Menkaure
  3993 | D:5      | Entered Level 5 of the Dungeon
  4005 | D:5      | Reached skill level 6 in Spellcasting
  4215 | D:5      | Reached XP level 7. HP: 19/36 MP: 14/19
  4545 | D:5      | Reached skill level 7 in Spellcasting
  4564 | D:5      | Found a staircase to the Ecumenical Temple.
  4571 | Temple   | Entered the Ecumenical Temple
  4725 | Temple   | Became a worshipper of Sif Muna the Loreminder
  4949 | D:5      | Noticed Edmund
  4961 | D:5      | Killed Edmund
  5295 | D:5      | Noticed Blork the orc
  5302 | D:5      | Killed Blork the orc
  5303 | D:5      | Reached skill level 8 in Spellcasting
  5641 | D:5      | Reached XP level 8. HP: 41/41 MP: 16/22
  5734 | D:5      | Reached skill level 9 in Spellcasting
  6073 | D:6      | Noticed a hornet
  6099 | D:6      | Learned a level 5 spell: Agony
  6151 | D:6      | Killed a hornet
  6419 | D:6      | Reached skill level 10 in Spellcasting
  6436 | D:6      | Found a burning altar of Makhleb.
  6500 | D:6      | Found a glowing drain.
  7268 | D:6      | Reached XP level 9. HP: 39/46 MP: 13/25
  7427 | D:6      | Reached skill level 1 in Fighting
  7905 | D:7      | Found a large runed translucent door.
  7906 | D:7      | Found a large runed translucent door.
  7922 | D:7      | Reached * piety under Sif Muna
  7923 | D:7      | Reached skill level 11 in Spellcasting
  7923 | D:7      | Reached skill level 10 in Necromancy
  8219 | D:7      | Found a shadowy altar of Dithmenos.
  8230 | D:7      | Found a sacrificial altar of Ru.
  8305 | D:7      | Demolished by an ogre

Illustrated notes

Levels and vault maps discovered:
D:1:      elethiomel_arrival_infinity_welcomes_careful_drivers, layout_basic,
          basic_ecumenical_altar
D:2:      layout_rooms, uniq_crazy_yiuf_cottage
D:3:      layout_loops_ring, gammafunk_ghost_arena, uniq_terence
D:4:      layout_loops_corners, led_xom_imps, corexii_checkpoint_b,
          uniq_menkaure
D:5:      layout_cave_pods, minmay_temple_entry_slanted, uniq_edmund,
          uniq_blork_the_orc
D:6:      layout_basic, makhleb_heckhound_becter, gup_sewer_entry_bowl,
          minmay_manual_mail
D:7:      layout_basic, mainiacjoe_overflow_large_starburst,
          jmf_multi_god_temple2, nrook_mini_vaults
Temple:   nicolae_temple_elliptical

Skill      XL: |  1  2  3  4  5  6  7  8  9 |
---------------+----------------------------+-----
Necromancy     | 5 6 7 8 9 10 | 10.3
Spellcasting   | 4 5 6 8 10 11 | 11.3
Stealth        | 3 4 |  4.2
Maces & Flails | 1 2 |  2.2
Dodging        | 3 |  3.8
Fighting       | 1 |  1.0

Action                   |  1- 3 |  4- 6 |  7- 9 || total
-------------------------+-------+-------+-------++-------
Melee: Dagger            |     1 |       |       ||     1
       Mace              |       |    61 |    38 ||    99
 Cast: Necrotise         |    67 |    59 |    88 ||   214
       Vampiric Draining |     1 |     5 |    10 ||    16
       Agony             |       |       |     8 ||     8
 Stab: Sleeping          |       |     3 |     1 ||     4
Armor: Robe              |     4 |    21 |    29 ||    54
Dodge: Dodged            |     6 |    49 |    56 ||   111
